 Dungeon Crawl Stone Soup version 0.21.1-1-g345015fe64 (webtiles) character file.

1271 Froggeryz the Cleaver (level 8, -1/73 HPs)
             Began as a Minotaur Monk on May 2, 2018.
             Slain by a wight
             ... wielding a +5 trident of freezing
              (3 damage)
             ... on level 5 of the Dungeon.
             The game lasted 00:07:36 (4460 turns).

Froggeryz the Cleaver (Minotaur Monk)               Turns: 4460, Time: 00:07:37

Health: -1/73      AC:  5    Str: 15    XL:     8   Next: 28%
Magic:  7/7        EV: 12    Int:  9    God:
Gold:   175        SH:  0    Dex: 14    Spells: 7/7 levels left

rFire    . . .     SeeInvis .   x - +4 hand axe (venom)
rCold    . . .     Gourm    .   (no shield)
rNeg     . . .     Faith    .   z - +1 leather armour of the Kettle-Drum {+Fly} (curse)
rPois    .         Spirit   .   (helmet restricted)
rElec    .         Reflect  .   (no cloak)
rCorr    .         Harm     .   (no gloves)
MR       .....                  q - +0 pair of boots
Stlth    ++........             (no amulet)
HPRegen  0.22/turn              r - ring of stealth
MPRegen  0.10/turn              (no ring)

@: about to teleport, heavily drained
A: retaliatory headbutt, horns 2
a: Evoke Flight


You were on level 5 of the Dungeon.
You were not hungry.

You visited 1 branch of the dungeon, and saw 5 of its levels.

You collected 219 gold pieces.
You spent 44 gold pieces at shops.

Inventory:

Hand Weapons
 x - a +4 hand axe of venom (weapon)
Missiles
 o - 8 tomahawks of returning (quivered)
Armour
 q - a +0 pair of boots (worn)
 z - the cursed +1 leather armour of the Kettle-Drum (worn) {+Fly}
   (You found it on level 5 of the Dungeon)

   It lets you fly.
   It has a curse placed upon it.
Jewellery
 r - a ring of stealth (left hand)
Wands
 k - a wand of clouds (4)
 A - a wand of flame (39)
Scrolls
 b - 5 scrolls of enchant armour {unknown}
 d - 3 scrolls of remove curse {unknown}
 e - a scroll of fear {unknown}
 h - a scroll of amnesia {unknown}
 i - 5 scrolls of teleportation
 p - 2 scrolls of magic mapping {unknown}
 u - a scroll of enchant weapon {unknown}
 v - a scroll of fog {unknown}
 y - 2 scrolls of immolation {unknown}
Potions
 f - a potion of haste {unknown}
 g - a potion of magic {unknown}
 j - 2 potions of brilliance
 l - 2 potions of lignification {unknown}
 m - a potion of ambrosia {unknown}
 n - a potion of heal wounds {unknown}
 t - a potion of curing {unknown}
 w - 2 potions of might
 B - a potion of mutation {unknown}
 C - a potion of resistance {unknown}
Books
 a - a book of Debilitation

   Spells                             Type                      Level
   a - Corona                         Hexes                        1
   b - Slow                           Hexes                        2
   c - Inner Flame                    Hexes/Fire                   3
   d - Portal Projectile              Hexes/Translocation          3
   e - Cause Fear                     Hexes                        4
   f - Leda's Liquefaction            Hexes/Earth                  4
Comestibles
 c - 16 rations


   Skills:
 + Level 7.0(5.1) Fighting
 * Level 10.2(8.2) Axes
 - Level 3.0(1.3) Throwing
 - Level 3.2(1.6) Dodging
 - Level 1.5(0.0) Stealth


You had 7 spell levels left.
You didn't know any spells.

Dungeon Overview and Level Annotations

Branches:
Dungeon (5/15)
 Temple: D:4-7

Altars:
Vehumet

Shops:
D:4 ?

Annotations:
D:4 Menkaure


Innate Abilities, Weirdness & Mutations

You reflexively headbutt those who attack you in melee.
You have a pair of horns on your head.


Message History

Your base Fighting skill increases to level 7!
The wight hits you from afar with a trident of freezing!
* * * LOW HITPOINT WARNING * * *
You feel drained.
* * * LOW HITPOINT WARNING * * *
The wight freezes you.
* * * LOW HITPOINT WARNING * * *
Okay, then.
There is an open door here.
As you close the door, it creaks loudly!
A wight opens the door.
The wight closely misses you.
As you read the scroll of teleportation, it crumbles to dust.
You feel strangely unstable.
The wight hits you from afar with a trident of freezing.
* * * LOW HITPOINT WARNING * * *
You feel drained.
* * * LOW HITPOINT WARNING * * *
The wight freezes you.
You die...

#.. #......# #.#.# #...
#......# #.#(# #... #......#
#.#.# ####### #....#......#
#.#.# #.....# #....#......#
#.#.# #.....#
##....#......###.#.###.....#
....................##.....#
.........................[.'
#######....@.#####..##.....#
#......# #...#.....#
#######.#z#### #.#.#.....#
#.......#.# #.#.......#
#.#######.# #.##......#
#....# #.##..#####
########.#### ## #.###'###
......#)## #. ##.......#
.z...(.... #. .#.......#


You could see a wight.

Vanquished Creatures
  The ghost of Ivernyr the Covered, a novice HuSk of Nemelex Xobeh (D:5)
  A sky beast (D:5)
  3 ogres
  A centaur (D:5)
  3 wights (D:5)
  2 crimson imps (D:5)
  An orc priest (D:4)
  A jelly (D:5)
  2 orc wizards (D:5)
  2 worker ants (D:4)
  A howler monkey zombie (D:5)
  6 adders
  5 gnolls
  3 worms
  A dart slug (D:1)
  3 leopard geckos
  8 orcs
  6 bats
  4 giant cockroaches
  3 hobgoblins
  11 jackals
  4 quokkas
  2 ball pythons
  5 frilled lizards
  9 goblins
  8 kobolds
  A leopard gecko skeleton (D:5)
  6 rats
103 creatures vanquished.

Notes
Turn   | Place    | Note
-------+----------+-------------------------------------------
     0 | D:1      | Froggeryz the Minotaur Monk began the quest for the Orb.
     0 | D:1      | Reached XP level 1. HP: 19/19 MP: 0/0
    74 | D:1      | Reached skill level 4 in Axes
    74 | D:1      | Reached XP level 2. HP: 23/26 MP: 1/1
   324 | D:1      | Reached skill level 5 in Axes
   336 | D:1      | Reached XP level 3. HP: 28/31 MP: 2/2
  1124 | D:2      | Reached skill level 6 in Axes
  1124 | D:2      | Reached XP level 4. HP: 33/39 MP: 3/3
  2505 | D:4      | Reached skill level 1 in Throwing
  2546 | D:4      | Reached XP level 5. HP: 36/46 MP: 4/4
  2625 | D:4      | Noticed an ogre
  2631 | D:4      | Killed an ogre
  2631 | D:4      | Reached skill level 7 in Axes
  2640 | D:4      | Found Juihetups's Magic Scroll Boutique.
  2656 | D:4      | Bought a scroll of teleportation for 33 gold pieces
  2656 | D:4      | Bought a scroll of noise for 11 gold pieces
  2689 | D:4      | Noticed an ogre
  2700 | D:4      | Killed an ogre
  2700 | D:4      | Reached XP level 6. HP: 31/53 MP: 5/5
  3005 | D:4      | Noticed Menkaure
  3258 | D:5      | Entered Level 5 of the Dungeon
  3266 | D:5      | Reached skill level 5 in Fighting
  3489 | D:5      | Got a ruby-encrusted leather armour
  3490 | D:5      | Identified the cursed +1 leather armour of the Kettle-Drum {+Fly} (You found it on level 5 of the Dungeon)
  3516 | D:5      | Reached skill level 8 in Axes
  3516 | D:5      | Reached XP level 7. HP: 39/61 MP: 6/6
  3764 | D:5      | Noticed Ivernyr's ghost (novice HuSk)
  3782 | D:5      | Killed Ivernyr's ghost
  3782 | D:5      | Reached skill level 9 in Axes
  3969 | D:5      | Reached XP level 8. HP: 59/71 MP: 7/7
  4285 | D:5      | Found a radiant altar of Vehumet.
  4341 | D:5      | Reached skill level 10 in Axes
  4460 | D:5      | HP: 2/73 [wight/trident of freezing (3)]
  4460 | D:5      | Slain by a wight

Skill      XL: |  1  2  3  4  5  6  7  8 |
---------------+-------------------------+-----
Axes           | 4 5 6 7 8 9 10 | 10.2
Fighting       | 4 5 6 7 |  7.0
Throwing       | 1 2 3 |  3.0
Dodging        | |  3.2
Stealth        | |  1.5

Action                   |  1- 3 |  4- 6 |  7- 9 || total
-------------------------+-------+-------+-------++-------
Melee: Hand axe          |    84 |   122 |    46 ||   252
       Headbutt          |    14 |    23 |    14 ||    51
Throw: Tomahawk          |     4 |       |     1 ||     5
       Javelin           |       |     5 |     7 ||    12
  Use: Scroll            |       |     2 |     2 ||     4
       Potion            |       |       |     2 ||     2
 Stab: Sleeping          |     1 |       |     1 ||     2
  Eat: Chunk             |       |     7 |     1 ||     8
       Ration            |       |       |     1 ||     1
Armor: Ring mail         |    25 |    26 |       ||    51
       Leather armour    |       |     4 |     2 ||     6
Dodge: Dodged            |    59 |    69 |    28 ||   156
